 Dungeon Crawl Stone Soup version 0.27-a0-101-g3cb999cee2 (webtiles) character file.

Game seed: 14544779092777341361

82726 Morgoth the Summoner (level 14, -4/109 (110) HPs)
             Began as a Demigod Hedge Wizard on Jan 21, 2021.
             Slain by an orc warrior
             ... wielding a +0 dire flail
              (15 damage)
             ... on level 1 of the Orcish Mines on Jan 22, 2021.
             The game lasted 02:01:09 (40675 turns).

Morgoth the Summoner (Demigod Hedge Wizard)        Turns: 40675, Time: 02:01:09

HP:   -4/109 (110)  AC: 14    Str: 13    XL:     14   Next: 90%
MP:   21/32         EV: 16    Int: 32    God:
Gold: 1042          SH:  5    Dex: 15    Spells: 9/32 levels left

rFire    . . .     SeeInvis +   a - +9 scimitar (flame)
rCold    . . .     Faith    .   M - +0 buckler
rNeg     . . .     Spirit   .   V - +0 steam dragon scales
rPois    .         Reflect  .   J - +2 hat {SInv}
rElec    .         Harm     .   G - +0 cloak
rCorr    .         Rampage  .   U - +1 pair of gloves
Will     +....                  e - +1 pair of boots
Stlth    ++........             T - amulet of magic regeneration
HPRegen  0.28/turn              k - +6 ring of intelligence {=R}
MPRegen  0.48/turn              W - ring of wizardry

@: death channel, lightly drained
A: high mp 1
a: no special abilities


You were on level 1 of the Orcish Mines.
You visited 3 branches of the dungeon, and saw 23 of its levels.
You also visited: Sewer.

You collected 2984 gold pieces.
You spent 1942 gold pieces at shops.

Inventory:

Hand Weapons
 a - a +9 scimitar of flaming (weapon)
Missiles
 g - 17 poisoned darts
 q - 4 throwing nets
Armour
 e - a +1 pair of boots (worn)
 B - +0 swamp dragon scales
 G - a +0 cloak (worn)
 J - a +2 hat of see invisible (worn)
 M - a +0 buckler (worn)
 U - a +1 pair of gloves (worn)
 V - +0 steam dragon scales (worn)
Magical Staves
 b - an uncursed staff of death
Jewellery
 d - an uncursed amulet of reflection
 f - an uncursed ring of protection from fire
 i - an uncursed ring of see invisible
 k - a +6 ring of intelligence (left hand) {=R}
 m - an uncursed ring of willpower
 p - an uncursed ring of poison resistance
 C - an uncursed ring of resist corrosion
 T - an amulet of magic regeneration (around neck)
 W - a ring of wizardry (right hand)
Wands
 s - a wand of flame (34)
 v - a wand of iceblast (8)
 z - a wand of acid (18)
 P - a wand of random effects (58)
 S - a wand of digging (6)
Scrolls
 w - 5 scrolls of vulnerability
 x - 4 scrolls of remove curse
 y - 9 scrolls of teleportation
 I - 3 scrolls of blinking
 K - 5 scrolls of fear
 L - 4 scrolls of identify
 N - a scroll of enchant armour
 Q - 3 scrolls of fog
 R - 3 scrolls of immolation
Potions
 c - a potion of berserk rage
 h - 7 potions of flight
 j - 3 potions of might
 l - 2 potions of lignification
 n - 3 potions of resistance
 o - 4 potions of heal wounds
 r - 4 potions of ambrosia
 u - 3 potions of haste
 A - a potion of magic
 D - a potion of mutation
 H - 18 potions of curing
 O - 2 potions of attraction


   Skills:
 - Level 6.1 Fighting
 - Level 8.0 Long Blades
 - Level 6.0 Armour
 - Level 6.5 Dodging
 - Level 1.7 Stealth
 - Level 4.1 Shields
 + Level 9.5 Spellcasting
 - Level 7.0 Conjurations
 - Level 12.0 Summonings
 + Level 12.0 Necromancy
 - Level 0.8 Translocations
 - Level 4.0 Fire Magic
 - Level 2.0 Air Magic
 - Level 2.0 Poison Magic


You had 9 spell levels left.
You knew the following spells:

 Your Spells              Type           Power        Failure   Level
a - Magic Dart            Conj           100%         1%          1
b - Death Channel         Necr           37%          1%          6
c - Mephitic Cloud        Conj/Pois/Air  38%          1%          3
d - Sticky Flame          Conj/Fire      50%          1%          4
t - Blink                 Tloc           N/A          1%          2
x - Haunt                 Necr/Summ      37%          8%          7

Your spell library contained the following spells:

 Spells                   Type           Power        Failure   Level
 Beastly Appendage        Tmut           30%          1%          1
 Foxfire                  Conj/Fire      100%         1%          1
 Sting                    Tmut/Pois      84%          1%          1
 Call Imp                 Summ           75%          1%          2
 Ensorcelled Hibernation  Hex/Ice        30%          1%          2
 Poisonous Vapours        Pois/Air       56%          1%          2
 Slow                     Hex            15%          1%          2
 Wereblood                Tmut           15%          1%          2
 Conjure Flame            Conj/Fire      50%          1%          3
 Inner Flame              Hex/Fire       28%          1%          3
 Animate Dead             Necr           37%          1%          4
 Shadow Creatures         Summ           N/A          1%          6
 Gell's Gravitas          Tloc           10%          2%          3
 Spider Form              Tmut/Pois      10%          2%          3
 Borgnjor's Vile Clutch   Necr/Erth      26%          3%          5
 Confusing Touch          Hex            15%          4%          3
 Fireball                 Conj/Fire      25%          4%          5
 Olgreb's Toxic Radiance  Pois           28%          6%          4
 Ice Form                 Ice/Tmut       15%          13%         4
 Petrify                  Tmut/Erth      15%          13%         4
 Silence                  Hex/Air        10%          24%         5
 Blade Hands              Tmut           7%           32%         5
 Metabolic Englaciation   Hex/Ice        7%           32%         5
 Yara's Violent Unravell  Hex/Tmut       7%           32%         5
 Borgnjor's Revivificati  Necr           37%          50%         8
 Infestation              Necr           37%          50%         8
 Necromutation            Tmut/Necr      26%          99%         8
 Death's Door             Necr           37%          100%        9


Dungeon Overview and Level Annotations

Branches:
Dungeon (15/15)            Temple (0/1) D:4            Lair (6/6) D:8
 Shoals (0/4) Lair:2       Spider (0/4) Lair:2        Slime (0/5) Lair:6
    Orc (2/2) D:11         Vaults (0/5) D:14         Depths (0/5) D:15
  Sewer (visited)
    Elf: Orc:2

Shops:
D:6 :   D:7 [   D:13 (*!*

Annotations:
D:7 2 transporters, Snicker's ghost, weakling DsDe
D:8 2 transporters, timneilson's ghost, novice GrFi
Lair:4 exclusion: 4 oklob plants


Innate Abilities, Weirdness & Mutations

You have an increased reservoir of magic. (+10% MP)


Message History

You kill the orc wizard!
A glowing mist starts to gather...
The orc closely misses you.
You riposte.
You slice the orc!! You burn the orc.
You kill the orc!
A glowing mist starts to gather...
The orc warrior hits you with a +0 dire flail!
* * * LOW HITPOINT WARNING * * *
The orc priest mumbles some strange prayers to Beogh against you.
Beogh smites you!
* * * LOW HITPOINT WARNING * * *
Your spectral orc hits the orc priest.
Your spectral orc wizard hits the orc warrior but does no damage.
Casting: Death Channel (dangerous; 1% risk of failure)
Confirm with . or Enter, or press ? or * to list all spells.
Aiming: Haunt (dangerous; 8% risk of failure)
Press: ? - help, Dir - move target, f - orc warrior
Aim: an orc warrior, wielding a +0 dire flail and wearing a +0 plate armour Insubstantial figures form in the air.
The orc warrior hits you with a +0 dire flail!
You die...

##.#.#.#....#.#.........#
#..............##...#...##
##.#..........#..........#
#####....................##
##.##.#...#...........#..########
#......#..................##.##.#
##....#..........#........#......
####.#.#...........W.....#......#
##..............@Z).............#
.....#.#.......Woo.W.........#.##
.#..##.........#.W.......^....##
##.............WZ..............#
###.#..........................##
##...#........................#
##..#####...##....##..........
#....##.##.###..)#.#...##.....
##...#...##.#.#.[)..#.####....


You could see an orc warrior, an orc priest, 2 friendly shadow wraiths, a
friendly phantasmal warrior (summoned), a friendly spectral orc, a friendly
spectral orc wizard, a friendly phantom (summoned) and a friendly wraith
(summoned).

Vanquished Creatures
  Rupert (D:15)
  Gastronok (D:8)
  Nessos (D:12)
  Josephine (D:12)
  A vault guard (D:13)
  3 boulder beetles
  Erica (D:9)
  A death knight (D:11)
  3 two-headed ogres
  2 tengu warriors
  Nergalle (D:11)
  A wizard (D:15)
  A lindwurm (Lair:4)
  2 cyclopes
  3 orc sorcerers
  3 ugly things
  A centaur zombie (D:14)
  13 elephants
  Psyche (D:10)
  5 black mambas
  A naga mage (D:15)
  A gargoyle (D:14)
  28 cane toads
  5 centaur skeletons
  4 rime drakes
  Maggie (D:9)
  5 kobold demonologists (D:13)
  An efreet (D:14)
  9 komodo dragons
  A queen bee (Lair:4)
  2 tengu conjurers
  2 trolls
  2 polar bears
  3 meliai (Lair:4)
  2 nameless horrors (D:11)
  A wolf spider simulacrum (D:15)
  2 hornets
  14 blink frogs
  A harpy skeleton (D:15)
  5 tyrant leeches
  Grinder (D:3)
  4 dream sheep (Lair:6)
  Prince Ribbit (D:6)
  9 slime creatures
  A centaur simulacrum (D:15)
  A shadow (D:12)
  2 redbacks (Lair:2)
  2 vampires
  8 wraiths
  3 wyverns
  50 yaks
  7 basilisks
  Grum (D:8)
  A steam dragon (D:13)
  A redback simulacrum (D:15)
  6 vampire mosquitoes
  Menkaure (D:7)
  Edmund (D:6)
  A warg (Orc:1)
  An acid dragon (D:15)
  13 water moccasins
  6 orc warriors
  3 sky beasts
  A black bear (D:8)
  Purgy (Sewer)
  5 ice beasts
  An ogre (shapeshifter) (D:15)
  4 ogres
  2 phantoms
  14 centaurs
  20 wolves
  24 bullfrogs
  A wyvern zombie (D:13)
  3 big kobolds
  A gnoll sergeant (D:6)
  4 wyvern skeletons
  4 scorpions
  55 killer bees
  17 wights
  An electric eel (Lair:4)
  9 howler monkeys
  A quasit (D:10)
  3 jellies
  7 hounds
  A bullfrog skeleton (D:11)
  11 orc priests
  3 iguanas
  19 orc wizards
  Terence (D:3)
  10 worker ants
  A hound zombie (D:7)
  3 hound skeletons
  9 adders
  7 gnolls
  A river rat (D:3)
  2 shadow imps
  2 white imps
  An ufetubus (D:9)
  2 adder skeletons
  4 worms
  3 dart slugs
  4 leopard geckos
  46 orcs
  5 ball pythons
  11 giant cockroaches
  18 hobgoblins
  25 jackals
  6 quokkas
  11 bats
  7 frilled lizards
  11 goblins
  20 kobolds
  5 rats
687 creatures vanquished.

Vanquished Creatures (collateral kills)
  A hydra (D:14)
  A boulder beetle (D:14)
  3 vault guards (D:14)
  3 two-headed ogres (D:14)
  A skeletal warrior (D:14)
  4 unseen horrors (D:15)
  A necromancer (D:15)
  11 ugly things (D:14)
  3 cyclopes
  A manticore (D:14)
  A kobold demonologist (D:15)
  An efreet (D:14)
  A jumping spider (shapeshifter) (D:14)
  2 freezing wraiths
  2 trolls
  3 yaks
  A water moccasin (D:14)
  3 orc warriors (Orc:1)
  A centaur (D:14)
  A big kobold (D:14)
  4 wights (D:14)
  2 killer bees (Lair:4)
  An orc wizard (D:14)
  A worker ant (D:14)
  5 orcs
58 creatures vanquished.

Vanquished Creatures (others)
  A basilisk (D:14)
  An orc wizard (Orc:1)
  51 fungi
  136 plants
189 creatures vanquished.

Grand Total: 934 creatures vanquished

Notes
Turn   | Place    | Note
-------+----------+-------------------------------------------
     0 | D:1      | Morgoth the Demigod Hedge Wizard began the quest for the
                  | Orb.
     0 | D:1      | Reached XP level 1. HP: 14/14 MP: 6/6
   283 | D:1      | Reached skill level 1 in Conjurations
   483 | D:1      | Reached XP level 2. HP: 20/20 MP: 6/8
  1261 | D:2      | Reached XP level 3. HP: 26/26 MP: 10/10
  1299 | D:2      | Learned a level 3 spell: Conjure Flame
  1303 | D:2      | Learned a level 3 spell: Mephitic Cloud
  2232 | D:2      | Reached XP level 4. HP: 33/33 MP: 1/11
  2324 | D:2      | Reached skill level 1 in Poison Magic
  2418 | D:2      | Reached skill level 1 in Air Magic
  2944 | D:3      | Found a glowing drain.
  2948 | Sewer    | Entered a sewer
  3084 | Sewer    | Noticed Purgy
  3088 | Sewer    | Killed Purgy
  3089 | Sewer    | Reached XP level 5. HP: 38/38 MP: 8/12
  3557 | D:3      | Noticed Terence
  3595 | D:3      | Killed Terence
  4189 | D:3      | Found a basalt altar of Yredelemnul.
  4193 | D:3      | Noticed Grinder
  4219 | D:3      | Paralysed by Grinder for 2 turns
  4221 | D:3      | Killed Grinder
  4222 | D:3      | Reached XP level 6. HP: 20/45 MP: 0/15
  4855 | D:4      | Learned a level 2 spell: Blink
  4893 | D:4      | Found a broken altar of Ashenzari.
  5268 | D:4      | Found a staircase to the Ecumenical Temple.
  5562 | D:3      | Reached XP level 7. HP: 43/50 MP: 13/17
  5638 | D:4      | Reached skill level 5 in Conjurations
  5701 | D:4      | Identified the +1 leather armour of Piecs {+Fly rElec rF+}
  6042 | D:4      | Reached skill level 5 in Spellcasting
  6175 | D:4      | Found an iron altar of Okawaru.
  6275 | D:5      | Entered Level 5 of the Dungeon
  7671 | D:5      | Reached skill level 1 in Shields
  7871 | D:5      | Found an ornate altar of the Wu Jian Council.
  7905 | D:5      | Reached XP level 8. HP: 57/57 MP: 0/19
  8245 | D:7      | Found a stormy altar of Qazlal.
  8654 | D:6      | Noticed Prince Ribbit
  8676 | D:6      | Killed Prince Ribbit
  8935 | D:6      | Noticed Edmund
  8983 | D:6      | Killed Edmund
  8985 | D:6      | Found Watat's Book Shoppe.
  9516 | D:6      | Got a sapphire quarterstaff
 10009 | D:7      | Found Rodiu's Antique Armour Shoppe.
 10139 | D:7      | You fall into a shaft and drop 2 floors!
 10345 | D:8      | Reached XP level 9. HP: 43/62 MP: 15/23
 10447 | D:8      | Noticed Grum
 10513 | D:7      | Reached skill level 1 in Fighting
 10513 | D:7      | Reached skill level 1 in Armour
 10782 | D:8      | Killed Grum
 10924 | D:8      | Identified the cursed +2 trident of Ijicheap {antimagic,
                  | Dex+3}
 10925 | D:8      | Noticed timneilson's ghost (novice GrFi)
 10926 | D:8      | Found a bloodstained altar of Trog.
 10933 | D:8      | Noticed a two-headed ogre
 10955 | D:8      | Found a transporter.
 10957 | D:8      | Found a transporter.
 11083 | D:8      | Noticed a moth of wrath
 11580 | D:7      | Found a transporter.
 11585 | D:7      | Found a bloodstained altar of Trog.
 11586 | D:7      | Noticed Snicker's ghost (weakling DsDe)
 11595 | D:7      | Noticed Menkaure
 11598 | D:7      | Noticed a moth of wrath
 11598 | D:7      | Identified the +6 scimitar "Otitaes" {antimagic, rC- Int+2
                  | Dex+7}
 11882 | D:7      | Found a transporter.
 11890 | D:7      | Killed Menkaure
 12001 | D:7      | Bought a helmet for 99 gold pieces
 12191 | D:8      | Found a shimmering altar of Xom.
 12345 | D:8      | Noticed an elephant
 12352 | D:8      | Noticed Gastronok
 12363 | D:8      | Killed Gastronok
 12364 | D:8      | Reached skill level 5 in Dodging
 12364 | D:8      | Reached XP level 10. HP: 80/80 MP: 24/24
 12535 | D:7      | Reached skill level 5 in Fighting
 12604 | D:8      | Killed an elephant
 12605 | D:8      | Reached skill level 5 in Armour
 12873 | D:8      | Found a staircase to the Lair.
 13367 | D:9      | Found a radiant altar of Vehumet.
 13773 | D:9      | Noticed Erica
 13792 | D:9      | Killed Erica
 13923 | D:9      | Reached skill level 1 in Long Blades
 14809 | D:9      | Noticed Maggie
 14823 | D:9      | Killed Maggie
 15023 | D:9      | Found a shimmering blue altar of Sif Muna.
 15089 | D:10     | Entered Level 10 of the Dungeon
 15140 | D:10     | Reached XP level 11. HP: 89/89 MP: 25/25
 15163 | D:10     | Reached skill level 5 in Long Blades
 15480 | D:10     | Noticed Psyche
 15490 | D:10     | Killed Psyche
 16492 | D:11     | Found a staircase to the Orcish Mines.
 16608 | D:11     | Noticed a two-headed ogre
 16624 | D:11     | Killed a two-headed ogre
 17062 | D:8      | Identified a scroll of acquirement
 17062 | D:8      | Acquired 1155 gold pieces
 17155 | D:6      | Bought a Necronomicon for 1656 gold pieces
 17160 | D:6      | Learned a level 4 spell: Sticky Flame
 17269 | Lair:1   | Entered Level 1 of the Lair of Beasts
 17298 | Lair:1   | Reached skill level 1 in Fire Magic
 17366 | Lair:1   | Learned a level 7 spell: Haunt
 17722 | Lair:1   | Reached skill level 1 in Summonings
 17778 | Lair:1   | Reached skill level 1 in Necromancy
 18624 | Lair:2   | Found a staircase to the Shoals.
 18779 | Lair:2   | Reached XP level 12. HP: 96/96 MP: 21/26
 19384 | Lair:2   | Found a hole to the Spider Nest.
 19717 | Lair:3   | You fall into a shaft and drop 2 floors!
 19723 | Lair:6   | Entered Level 6 of the Lair of Beasts
 19961 | Lair:4   | Reached skill level 5 in Summonings
 19979 | Lair:4   | Reached skill level 5 in Necromancy
 20246 | Lair:3   | Found a dark tunnel.
 21196 | Lair:4   | HP: 3/96 [meliai/divine providence (13)]
 24069 | Lair:5   | Noticed a boulder beetle
 24109 | Lair:5   | Killed a boulder beetle
 24724 | Lair:5   | Reached XP level 13. HP: 94/102 MP: 22/27
 30133 | Lair:6   | Reached skill level 10 in Summonings
 30436 | Lair:6   | Reached skill level 10 in Necromancy
 30857 | Lair:6   | Found a staircase to the Slime Pits.
 32207 | D:12     | You fall into a shaft and drop 3 floors!
 32207 | D:15     | Entered Level 15 of the Dungeon
 32286 | D:15     | Noticed Rupert
 32301 | D:15     | Killed Rupert
 32302 | D:15     | Reached XP level 14. HP: 110/110 MP: 24/30
 32826 | D:13     | Found Rocotsif's Distillery.
 32893 | D:13     | Found a shimmering blue altar of Sif Muna.
 33162 | D:12     | Identified Hemazev's Reference Book on Nocuous Evil
 33171 | D:12     | Learned a level 6 spell: Death Channel
 33250 | D:12     | Noticed Nergalle
 33497 | D:11     | Killed Nergalle
 33860 | D:12     | Noticed Josephine
 33880 | D:12     | Killed Josephine
 33958 | D:12     | Noticed Nessos
 34760 | D:12     | Killed Nessos
 35377 | D:13     | Found Qyfizota's Assorted Antiques.
 35385 | D:13     | Bought a pair of runed gloves for 187 gold pieces
 35595 | D:13     | Found Osir's General Store.
 35715 | D:13     | Found Lastriuts's Antique Weapon Boutique.
 37130 | D:14     | Identified the +1 leather armour of Inquiry {Rampage rF++
                  | MP+9 SInv}
 37148 | D:14     | Found a gate to the Vaults.
 38889 | D:15     | Found a staircase to the Depths.
 39385 | Orc:1    | Entered Level 1 of the Orcish Mines
 39788 | Orc:1    | Found a roughly hewn altar of Beogh.
 40642 | Orc:2    | Entered Level 2 of the Orcish Mines
 40675 | Orc:1    | Slain by an orc warrior

Illustrated notes

Levels and vault maps discovered:
D:1:      heliophobic_arrival_glass_houses, layout_loops_corners, hex_large,
          minivault_25
D:2:      kennysheep_big_flooded_room, layout_basic, minmay_between
D:3:      layout_loops_corners, yredelemnul_altar_generic,
          gup_sewer_entry_spiral, kennysheep_path_1, wad_rectangle_vault,
          uniq_terence, uniq_grinder
D:4:      layout_loops_cross, lemuel_coloured_pillars_altar,
          ashenzari_conservatory_becter, minmay_temple_entry_trees
D:5:      layout_rooms, pdpol_wu_jian_five_deadly_venoms
D:6:      layout_basic, serial_shops, shop, uniq_prince_ribbit1, uniq_edmund
D:7:      layout_loops_ring, grunt_qazlal_sundering, serial_shops,
          nicolae_shop_overgrown_old_shop, gammafunk_ghost_wrathful_warriors,
          uniq_menkaure
D:8:      layout_basic, lemuel_round_altar, david_lair_generic,
          gammafunk_ghost_wrathful_warriors, uniq_gastronok, uniq_grum
D:9:      layout_basic, kennysheep_mini, lemuel_blue_sif_altar, enter_bailey_4,
          grunt_ministairs_13, uniq_maggie, uniq_erica
D:10:     layout_loops_cross, nicolae_wwwww, uniq_psyche
D:11:     layout_grid_maze, orc_0_dummy
D:12:     layout_rooms, uniq_nergalle, uniq_nessos, uniq_josephine
D:13:     layout_loops_ring, basic_altar, serial_shops, shop, shop,
          kennysheep_little_box, shop, chequers_arboretum, lemuel_old_faithful
D:14:     layout_small_grid, lightli_vaults_fourway_checkpoint,
          minmay_misc_feat_rows
D:15:     grunt_enter_depths_magical_seal, layout_cross, serial_bayou_pond_e,
          chequers_hall_statues_wall_a, uniq_rupert
Lair:1:   layout_misc_corridors, hangedman_lair_unloving_vines,
          serial_bayou_shore_b, grunt_megastairs_3, infiniplex_staircase_pool_2,
          lemuel_fruit_tree
Lair:2:   layout_regular_city, elwin_shoals_entry_rocks, spider_nest_entry_webs
Lair:3:   layout_cave_pods, nicolae_volcano_entry_hallway
Lair:4:   hangedman_what_comes_after_a, layout_regular_city,
          serial_bayou_shore_a, grunt_megastairs_5, infiniplex_staircase_pool
Lair:5:   layout_cave_pods
Lair:6:   minmay_lair_end_frog_pond, layout_gridlike, slime_dummy,
          serial_bayou_shore_b
Orc:1:    layout_caves, basic_altar
Orc:2:    st_orc_town, layout_caves

Skill      XL: |  1  2  3  4  5  6  7  8  9 10 11 12 13 14 |
---------------+-------------------------------------------+-----
Spellcasting   | 3 4 5 7 9 |  9.5
Conjurations   | 1 2 3 4 5 7 |  7.0
Poison Magic   | 2 |  2.0
Air Magic      | 2 |  2.0
Shields        | 2 4 |  4.1
Dodging        | 5 6 |  6.5
Fighting       | 4 6 |  6.1
Armour         | 4 6 |  6.0
Long Blades    | 4 8 |  8.0
Fire Magic     | 4 |  4.0
Summonings     | 3 8 10 12 | 12.0
Necromancy     | 3 7 10 12 | 12.0
Stealth        | |  1.7
Translocations | |  0.8

Action                   |  1- 3 |  4- 6 |  7- 9 | 10-12 | 13-15 || total
-------------------------+-------+-------+-------+-------+-------++-------
Melee: Hand axe          |    97 |   131 |       |       |       ||   228
       Dagger            |     2 |       |    88 |       |       ||    90
       Whip              |       |       |   408 |   111 |       ||   519
       Scimitar          |       |       |       |   597 |   782 ||  1379
 Cast: Magic Dart        |    84 |    98 |    63 |   110 |    13 ||   368
       Mephitic Cloud    |       |    14 |    59 |    33 |     3 ||   109
       Blink             |       |     3 |       |     1 |     1 ||     5
       Conjure Flame     |       |       |     6 |    12 |       ||    18
       Sticky Flame      |       |       |       |    74 |   126 ||   200
       Haunt             |       |       |       |       |    52 ||    52
       Death Channel     |       |       |       |       |    14 ||    14
Evoke: Wand              |       |       |    14 |     5 |     9 ||    28
  Use: Scroll            |       |    14 |     4 |    17 |    10 ||    45
       Potion            |       |     1 |     1 |     3 |     4 ||     9
 Stab: Sleeping          |     3 |     1 |     2 |       |       ||     6
       Confused          |       |     9 |    49 |    29 |     2 ||    89
Armor: Robe              |    32 |    17 |    28 |       |       ||    77
       Scale mail        |       |       |    11 |       |       ||    11
       Ring mail         |       |       |    44 |    75 |       ||   119
       Swamp dragon scal |       |       |       |   135 |   167 ||   302
       Steam dragon scal |       |       |       |       |    96 ||    96
       Skin              |       |       |       |       |    15 ||    15
Dodge: Dodged            |    68 |    79 |   212 |   539 |   602 ||  1500
Block: Other             |    32 |    39 |    16 |       |       ||    87
       Reflection        |     1 |     1 |     8 |    12 |    12 ||    34
       Buckler           |       |       |   200 |   405 |   385 ||   990
       Rpst.: Scimitar   |       |       |       |   113 |   165 ||   278

Table legend: (Time is in decaauts)
 A = Elapsed time spent in this place.
 B = Non-inter-level travel time spent in this place.
 C = Inter-level travel time spent in this place.
 D = Time resting spent in this place.
 E = Time spent auto-exploring this place.
 F = Levels seen in this place.
 G = Mean time per level.
                   A        B        C        D        E       F      G
               +--------+--------+--------+--------+--------+-----+--------+
         Total |  41064 |  38757 |   2307 |  12150 |  18132 |  24 | 1711.0 |
       Dungeon |  25569 |  23924 |   1645 |   7084 |  10975 |  15 | 1704.6 |
          Lair |  14393 |  13743 |    650 |   4938 |   6547 |   6 | 2398.8 |
  Orcish Mines |    811 |    800 |     11 |      0 |    575 |   2 |  405.5 |
         Sewer |    290 |    290 |      0 |    128 |     34 |   1 |  290.0 |
               +--------+--------+--------+--------+--------+-----+--------+

Top non-repeatable levels by time:
  Lair:5: 5303 daAuts
  Lair:3: 2620 daAuts
     D:8: 2378 daAuts
    D:11: 2315 daAuts
    D:14: 2243 daAuts
     D:3: 2241 daAuts
     D:4: 2194 daAuts
  Lair:4: 2066 daAuts
  Lair:6: 1934 daAuts
     D:7: 1809 daAuts
    D:13: 1756 daAuts
    D:12: 1598 daAuts
     D:6: 1588 daAuts
     D:1: 1558 daAuts
     D:9: 1409 daAuts
